 Dungeon Crawl Stone Soup version 0.22-a0-608-g8a62e23 (webtiles) character file.

1654 sking99 the Martial Artist (level 8, -5/70 HPs)
             Began as a Green Draconian Transmuter on July 9, 2018.
             Was a Follower of Makhleb.
             Slain by an orc warrior
             ... wielding a +0 battleaxe
              (16 damage)
             ... on level 7 of the Dungeon.
             The game lasted 00:13:12 (7612 turns).

sking99 the Martial Artist (DrTm)                   Turns: 7612, Time: 00:13:12

Health: -5/70      AC:  6    Str: 12    XL:     8   Next: 68%
Magic:  11/11      EV: 12    Int: 13    God:    Makhleb [*.....]
Gold:   283        SH:  0    Dex: 15    Spells: 8/11 levels left

rFire    . . .     SeeInvis .     - Unarmed
rCold    . . .     Gourm    .   (no shield)
rNeg     . . .     Faith    .   (armour unavailable)
rPois    +         Spirit   .   (helmet restricted)
rElec    .         Reflect  .   (no cloak)
rCorr    .         Harm     .   (no gloves)
MR       .....                  (no boots)
Stlth    +.........             (no amulet)
HPRegen  0.21/turn              (no ring)
MPRegen  0.12/turn              (no ring)

@: short of breath, drained
A: breathe noxious fumes, unfitting armour, poison resistance, cold-blooded, AC
+6
a: Breathe Noxious Fumes, Renounce Religion


You were on level 7 of the Dungeon.
You worshipped Makhleb.
Makhleb was aware of your devotion.
You were very hungry.

You visited 1 branch of the dungeon, and saw 7 of its levels.
You also visited: Sewer.

You collected 283 gold pieces.

Inventory:

Missiles
 a - 129 arrows
Jewellery
 t - an uncursed amulet of the gourmand {unknown}
Wands
 p - a wand of paralysis (14)
Scrolls
 d - 2 scrolls of immolation
 e - a scroll of blinking
 g - 5 scrolls of amnesia
 k - a scroll of magic mapping
 o - a scroll of random uselessness {unknown}
Potions
 b - 2 potions of degeneration {unknown}
 f - a potion of brilliance {unknown}
 h - 2 potions of ambrosia {unknown}
 i - 7 potions of curing
 j - a potion of haste
 l - a potion of berserk rage {unknown}
 m - 5 potions of might
 n - 2 potions of flight {unknown}
 r - a potion of magic {unknown}
 s - a potion of heal wounds
Comestibles
 c - 13 rations
 q - 4 chunks of flesh


   Skills:
 + Level 5.9(4.7) Fighting
 + Level 2.9(1.8) Dodging
 * Level 8.2(7.0) Unarmed Combat
 - Level 2.0(0.9) Spellcasting
 - Level 5.0(3.8) Transmutations
 + Level 2.4(1.3) Invocations


You had 8 spell levels left.
You knew the following spells:

 Your Spells              Type           Power        Failure   Level  Hunger
a - Beastly Appendage     Tmut           ##....       6%          1    ##.....
b - Sticks to Snakes      Tmut           ##......     9%          2    ###....

Your spell library contained the following spells:

 Spells                   Type           Power        Failure   Level  Hunger
 Magic Dart               Conj           #...         28%         1    ##.....
 Confuse                  Hex            #.......     65%         3    ####...
 Iskenderun's Mystic Bla  Conj           #.......     96%         4    #####..
 Spider Form              Tmut/Pois      #.........   36%         3    ####...
 Blade Hands              Tmut           ##........   85%         5    ######.
 Ice Form                 Ice/Tmut       #.......     77%         4    #####..
 Confusing Touch          Hex            #.....       28%         1    ##.....
 Metabolic Englaciation   Hex/Ice        #.........   100%        5    ######.
 Petrify                  Tmut/Erth      #.......     77%         4    #####..
 Fulminant Prism          Conj/Hex       #.........   96%         4    #####..
 Dazzling Spray           Conj/Hex       #.....       65%         3    ####...
 Force Lance              Conj/Tloc      #.......     96%         4    #####..
 Searing Ray              Conj           #.....       41%         2    ###....
 Gell's Gravitas          Tloc           #.........   65%         3    ####...
 Yara's Violent Unravell  Hex/Tmut       #.........   98%         5    ######.


Dungeon Overview and Level Annotations

Branches:
Dungeon (7/15)             Temple (0/1) D:6

Altars:
Elyvilon
Fedhas
Makhleb
Sif Muna
Trog
Wu Jian
The Shining One


Innate Abilities, Weirdness & Mutations

You can breathe blasts of noxious fumes.
Your lurid green scales are hard. (AC +6)
You cannot fit into any form of body armour.
Your system is resistant to poisons. (rPois)
You are cold-blooded and may be slowed by cold attacks.


Message History

Things that are here:
a short sword; a leather armour Makhleb accepts your kill.
You feel a bit more experienced.
You have got your breath back.
Press: ? - help, Shift-Dir - straight line, f - orc warrior
Aim: an orc warrior, wielding a battleaxe and wearing a shiny chain mail (almost dead)
You exhale a blast of noxious fumes.
The blast of choking fumes hits the orc warrior.
The orc warrior completely resists.
The orc warrior is almost dead.
You are feeling very hungry.
You hit the orc warrior but do no damage.
The orc warrior is almost dead.
The orc warrior hits you with a battleaxe.
* * * LOW HITPOINT WARNING * * *
You barely miss the orc warrior.
The orc warrior is almost dead.
The orc warrior hits you with a battleaxe!
You die...

...###.....####....###........ ..
##..###.######............#
#................##.###..#
#...........####...)##..#
##.....#....# ##.......#
#.<...#.#.####..)...### #
#.......#.###...##..#
##.####.......#.....###)..#
#..............@o§### #.#.#
....#...###.###....# ##.#.#
......#..........#.## #).#..
###.###.##....#..#..###.#####.##
#.##....)....#................
#.#..........#..##.....####...#
###...#........##.........#####..
<.............. ####........o)o#
....####....... #.....#####o..


You could see an orc warrior.

Vanquished Creatures
  A steam dragon (D:7)
  An ice beast (D:6)
  A sky beast (D:6)
  2 ogres
  2 centaurs
  A big kobold (Sewer)
  A scorpion (D:6)
  5 wights (D:6)
  2 crimson imps
  A hound (D:5)
  A jelly (D:6)
  2 orc priests
  An orc wizard (D:6)
  2 iguanas
  4 worker ants
  9 adders
  A shadow imp (D:5)
  2 oozes (Sewer)
  An adder skeleton (D:4)
  A worm (D:2)
  2 dart slugs
  2 leopard geckos
  15 orcs
  4 ball pythons
  10 bats
  13 giant cockroaches
  7 goblins
  2 hobgoblins
  5 jackals
  18 kobolds
  5 quokkas
  8 frilled lizards
  8 rats
140 creatures vanquished.

Vanquished Creatures (collateral kills)
  2 ogres
2 creatures vanquished.

Grand Total: 142 creatures vanquished

Notes
Turn   | Place    | Note
-------+----------+-------------------------------------------
     0 | D:1      | sking99 the Draconian Transmuter began the quest for the Orb.
     0 | D:1      | Reached XP level 1. HP: 16/16 MP: 3/3
   339 | D:1      | Reached XP level 2. HP: 23/23 MP: 5/5
  1176 | D:2      | Reached XP level 3. HP: 29/29 MP: 6/6
  1185 | D:2      | Learned a level 2 spell: Sticks to Snakes
  1535 | D:2      | Reached skill level 4 in Unarmed Combat
  1904 | D:2      | Reached XP level 4. HP: 34/36 MP: 7/7
  2769 | D:3      | Found a glowing drain.
  2815 | Sewer    | Entered a sewer
  2837 | Sewer    | Reached XP level 5. HP: 35/42 MP: 8/8
  3170 | Sewer    | Reached skill level 5 in Unarmed Combat
  3689 | D:4      | Reached XP level 6. HP: 44/51 MP: 9/9
  3791 | D:4      | Found a burning altar of Makhleb.
  3808 | D:4      | Became a worshipper of Makhleb the Destroyer
  4274 | D:4      | HP: 2/51 [ogre/giant spiked club (23)]
  4609 | D:5      | Entered Level 5 of the Dungeon
  4833 | D:5      | Reached skill level 6 in Unarmed Combat
  4881 | D:5      | Your scales start taking on a lurid green colour.
  4881 | D:5      | Reached XP level 7. HP: 54/59 MP: 10/10
  4881 | D:5      | Gained mutation: Your system is resistant to poisons. (rPois) [Green Draconian growth]
  5422 | D:6      | Found a blossoming altar of Fedhas.
  5424 | D:6      | Found an ornate altar of the Wu Jian Council.
  5436 | D:6      | Found a deep blue altar of Sif Muna.
  5439 | D:6      | Found a glowing golden altar of the Shining One.
  5440 | D:6      | Found a white marble altar of Elyvilon.
  5772 | D:6      | Reached skill level 7 in Unarmed Combat
  5810 | D:6      | Reached * piety under Makhleb
  5810 | D:6      | Reached skill level 5 in Fighting
  5817 | D:6      | Reached XP level 8. HP: 49/68 MP: 11/11
  5873 | D:6      | Reached skill level 5 in Transmutations
  6264 | D:6      | Found a bloodstained altar of Trog.
  6456 | D:6      | Reached skill level 1 in Invocations
  6837 | D:6      | Found a staircase to the Ecumenical Temple.
  7261 | D:7      | Reached skill level 8 in Unarmed Combat
  7612 | D:7      | Slain by an orc warrior

Vault maps used:
D:1:      mainiacjoe_arrival_reflecting_pool
D:2:      first_ration
D:3:      gup_sewer_entry_glass
D:4:      bloody_makhleb
D:6:      grunt_temple_overflow_open, temple_pool_b
Sewer:    kennysheep_pipe_town

Skill      XL: |  1  2  3  4  5  6  7  8 |
---------------+-------------------------+-----
Fighting       | 2 3 4 5 |  5.9
Unarmed Combat | 4 5 6 7 8 |  8.2
Transmutations | 3 4 5 |  5.0
Dodging        | 2 |  2.9
Invocations    | 2 |  2.4
Spellcasting   | |  2.0

Action                   |  1- 3 |  4- 6 |  7- 9 || total
-------------------------+-------+-------+-------++-------
Melee: Unarmed           |   155 |   251 |   237 ||   643
       Tailslap          |    16 |    13 |    45 ||    74
       Punch             |     1 |     3 |     3 ||     7
       Headbutt          |       |     3 |       ||     3
       Kick              |       |       |     4 ||     4
 Cast: Beastly Appendage |       |     5 |     2 ||     7
       Sticks to Snakes  |       |     7 |     6 ||    13
 Abil: Breathe Noxious F |       |       |    17 ||    17
  Use: Scroll            |       |    13 |     3 ||    16
       Potion            |       |       |     7 ||     7
 Stab: Sleeping          |     1 |     1 |       ||     2
       Confused          |       |       |     5 ||     5
  Eat: Chunk             |     3 |    11 |    11 ||    25
Armor: Skin              |    45 |    79 |    31 ||   155
Dodge: Dodged            |    99 |   161 |   105 ||   365

Table legend:
 A = Spawn XP
 B = Non-spawn XP
 C = Spawn XP percentage of total XP
 D = Spawn monster count
 E = Non-spawn monster count
 F = Spawn count percentage of total count
 G = Total turns spent on level
                    A         B        C        D         E        F      G
               +---------+---------+-------+---------+---------+-------+---------
         Total |       0 |    2363 |   0.0 |       0 |     142 |   0.0 |  7612
               +---------+---------+-------+---------+---------+-------+---------
           D:1 |       0 |      37 |   0.0 |       0 |      21 |   0.0 |  1092
           D:2 |       0 |      81 |   0.0 |       0 |      21 |   0.0 |  1181
           D:3 |       0 |      75 |   0.0 |       0 |      22 |   0.0 |   860
           D:4 |       0 |     213 |   0.0 |       0 |      12 |   0.0 |   942
           D:5 |       0 |     474 |   0.0 |       0 |      12 |   0.0 |  1079
           D:6 |       0 |     920 |   0.0 |       0 |      21 |   0.0 |  1534
           D:7 |       0 |     409 |   0.0 |       0 |       9 |   0.0 |   390
         Sewer |       0 |     154 |   0.0 |       0 |      24 |   0.0 |   534
               +---------+---------+-------+---------+---------+-------+---------
